 Dungeon Crawl Stone Soup version 0.22.1-2-g9c5b331 (webtiles) character file.

46 Matador8 the Cutter (level 3, -1/27 HPs)
             Began as a Merfolk Skald on Dec 17, 2018.
             Was an Initiate of Nemelex Xobeh.
             Slain by a centaur
             ... wielding a cursed +0 shortbow
              (7 damage)
             ... on level 2 of the Dungeon.
             The game lasted 00:15:19 (1530 turns).

Matador8 the Cutter (Merfolk Skald)                 Turns: 1530, Time: 00:15:19

Health: -1/27      AC:  4    Str: 12    XL:     3   Next: 66%
Magic:  0/6        EV: 12    Int: 12    God:    Nemelex Xobeh [......]
Gold:   58         SH:  0    Dex: 13    Spells: 3/6 levels left

rFire    . . .     SeeInvis .   a - +0 short sword
rCold    . . .     Gourm    .   (no shield)
rNeg     . . .     Faith    .   b - +0 leather armour
rPois    .         Spirit   .   (no helmet)
rElec    .         Reflect  .   f - +0 cloak (curse)
rCorr    .         Harm     .   (no gloves)
MR       .....                  (no boots)
Stlth    +.........             (no amulet)
HPRegen  0.09/turn              (no ring)
MPRegen  0.10/turn              (no ring)

@: shrouded (expiring), infused (expiring)
A: change form in water, swift swim, stealthy swim
a: Renounce Religion


You were on level 2 of the Dungeon.
You worshipped Nemelex Xobeh.
Nemelex Xobeh was noncommittal.
You were very hungry.

You visited 1 branch of the dungeon, and saw 2 of its levels.

You collected 58 gold pieces.

Inventory:

Hand Weapons
 a - a +0 short sword (weapon)
 g - a +0 dagger
Armour
 b - a +0 leather armour (worn)
 f - a cursed +0 cloak (worn)
 o - a +0 chain mail
Scrolls
 c - a scroll of fog {unknown}
 e - a scroll of blinking {unknown}
 n - a scroll of teleportation {unknown}
Potions
 i - a potion of degeneration {unknown}
 j - a potion of berserk rage {unknown}
 k - a potion of agility {unknown}
 l - a potion of mutation {unknown}
 m - 3 potions of curing
Comestibles
 d - 3 rations


   Skills:
 - Level 2.1 Fighting
 * Level 4.2 Short Blades
 - Level 0.6 Armour
 - Level 2.6 Dodging
 + Level 2.3 Spellcasting
 + Level 3.5 Charms


You had 3 spell levels left.
You knew the following spells:

 Your Spells              Type           Power        Failure   Level  Hunger
a - Infusion              Chrm           #...         8%          1    ##.....
b - Shroud of Golubria    Chrm/Tloc      #.........   24%         2    ###....

Your spell library contained the following spells:

 Spells                   Type           Power        Failure   Level  Hunger
 Song of Slaying          Chrm           #.......     12%         2    ###....
 Regeneration             Chrm/Necr      #.........   43%         3    ####...
 Spectral Weapon          Hex/Chrm       #.......     43%         3    ####...


Dungeon Overview and Level Annotations

Branches:
Dungeon (2/15)

Altars:
Nemelex Xobeh


Message History

You hit the centaur.
The centaur is severely wounded.
The centaur drinks a potion.
The centaur is healed!
You hit the centaur.
The centaur is heavily wounded.
Your magical infusion is running out.
The centaur hits you with a shortbow.
You barely miss the centaur.
The centaur is heavily wounded.
Your shroud bends the centaur's attack away.
You hit the centaur.
The centaur is heavily wounded.
The centaur hits you with a shortbow.
* * * LOW HITPOINT WARNING * * *
The centaur hits you but does no damage.
You barely miss the centaur.
The centaur is heavily wounded.
The centaur hits you with a shortbow!
You die...
Your body disappears without a glow.

#.##.##.# ##'##
# ##.##.# #.# #
#.#.#.# #.#
#.##.##.# #..
#..>....# ...
####.#### ...
#.###### ...#
#......#
######@######..#
#.c(.......
######.#.#.


You could see a centaur.

Vanquished Creatures
  An adder (D:2)
  2 worms (D:2)
  A leopard gecko (D:2)
  A giant cockroach (D:2)
  A goblin (D:1)
  5 hobgoblins
  2 jackals (D:1)
  A quokka (D:2)
  4 bats
  2 frilled lizards (D:1)
  4 kobolds
  6 rats (D:1)
30 creatures vanquished.

Notes
Turn   | Place    | Note
-------+----------+-------------------------------------------
     0 | D:1      | Matador8 the Merfolk Skald began the quest for the Orb.
     0 | D:1      | Reached XP level 1. HP: 16/16 MP: 3/3
   132 | D:1      | Reached skill level 3 in Short Blades
   168 | D:1      | Reached XP level 2. HP: 18/22 MP: 5/5
   253 | D:1      | Learned a level 2 spell: Shroud of Golubria
   763 | D:2      | Reached XP level 3. HP: 13/27 MP: 6/6
   790 | D:2      | Reached skill level 4 in Short Blades
  1449 | D:2      | Found a sparkling altar of Nemelex Xobeh.
  1453 | D:2      | Became a worshipper of Nemelex Xobeh the Trickster
  1511 | D:2      | Noticed a centaur
  1530 | D:2      | Slain by a centaur

Skill      XL: |  1  2  3 |
---------------+----------+-----
Short Blades   | 3 4 |  4.2
Fighting       | |  2.1
Armour         | |  0.6
Dodging        | |  2.6
Spellcasting   | |  2.3
Charms         | |  3.5

Action                   || total
-------------------------++-------
Melee: Short sword       ||   140
 Cast: Infusion          ||     5
       Shroud of Golubri ||     2
 Stab: Sleeping          ||     1
  Eat: Chunk             ||     1
Armor: Leather armour    ||    41
Dodge: Dodged            ||   100
